 Dungeon Crawl Stone Soup version 0.31.0-11-ge490571c62 (webtiles) character file.

Game seed: 11220548877858186686

44 qw the Shooter (level 3, -6/18 HPs)
             Began as a Spriggan Hunter on Feb 3, 2024.
             Mangled by a gnoll
             ... wielding a +0 spear
              (7 damage)
             ... on level 2 of the Dungeon.
             The game lasted 00:00:03 (862 turns).

qw the Shooter (Spriggan Hunter)                     Turns: 862, Time: 00:00:04

Health: -6/18      AC:  3    Str:  7    XL:     3   Next: 41%
Magic:  4/4        EV: 20    Int: 13    God:
Gold:   86         SH:  0    Dex: 23    Spells: 2/2 levels left

rFire   + . .        d - +2 arbalest "Cale" {elec, rF+ rN++}
rCold   . . .        (shield currently unavailable)
rNeg    + + .        c - +0 robe
rPois   .            (helmet restricted)
rElec   .            g - +0 cloak
rCorr   .            (gloves unavailable)
SInv    +            (boots unavailable)
Will    .....        a - amulet "Moolull" {Acrobat Int+3 Dex+3}
Stlth   ++           (no ring)
HPRegen 0.23/turn    (no ring)
MPRegen 0.09/turn

%: acrobat
@: very quick
A: very small, no large weapons, unfitting armour, see invisible, speed 3
a: no special abilities


You were on level 2 of the Dungeon.
You visited 1 branch of the dungeon, and saw 2 of its levels.

You collected 86 gold pieces.


Innate Abilities, Weirdness & Mutations

You are very small and have problems with some larger weapons.
You are too small for most types of armour.
You have supernaturally acute eyesight. (SInv)
You cover ground extremely quickly. (Speed+++)


   Skills:
 - Level 1.5 Fighting
 - Level 4.4 Ranged Weapons
 + Level 4.4 Dodging
 - Level 1.5 Stealth


You had 2 spell levels left.
You didn't know any spells.
Your spell library was empty.

Inventory:

Hand Weapons
 d - the +2 arbalest "Cale" (weapon) {elec, rF+ rN++}
   (You acquired it on level 1 of the Dungeon)

   rF+:       It protects you from fire.
   rN++:      It greatly protects you from negative energy.
Armour
 c - a +0 robe (worn)
 g - a +0 cloak (worn)
Jewellery
 a - the amulet "Moolull" (around neck) {Acrobat Int+3 Dex+3}
   (You acquired it on level 1 of the Dungeon)

   [amulet of the acrobat]

   Acrobat:   It increases your evasion while moving and waiting.
   Int+3:     It affects your intelligence (+3).
   Dex+3:     It affects your dexterity (+3).
Scrolls
 f - a scroll of amnesia {unknown}
Potions
 b - a potion of mutation {unknown}
 e - a potion of enlightenment {unknown}
 h - a potion of berserk rage {unknown}
 i - a potion of curing {unknown}

Dungeon Overview and Level Annotations

Branches:
Dungeon (2/15)

Altars:


Message History

Your experience leads to an increase in your attributes!
Your base attributes are Str 7, Int 10, Dex 18.
Increase (S)trength, (I)ntelligence, or (D)exterity?
You feel agile. x2
A ball python comes into view.
You shoot a bolt.
The bolt hits the ball python but does no damage.
You shoot a bolt. The bolt barely misses the ball python.
You shoot a bolt. The bolt hits the ball python!!
You kill the ball python!
f - a scroll labelled TURAKINL ESUB
i - an orange potion A gnoll and a goblin come into view.
You shoot a bolt. The goblin shouts!
The bolt hits the goblin!
You kill the goblin!
The gnoll shouts!
You hear a shout! x2
A gnoll comes into view. It is wielding a +0 spear.
You shoot a bolt. The bolt hits the gnoll!
The gnoll is heavily wounded.
A gnoll comes into view. It is wielding a +0 spear.
You shoot a bolt. The bolt hits the gnoll!!
You kill the gnoll!
You shoot a bolt. The bolt barely misses the gnoll.
A gnoll comes into view. It is wielding a +0 club.
Enter note:
Enter note:
859 ||| RETREEEEATING.
The gnoll completely misses you.
You shoot a bolt. The bolt closely misses the gnoll.
The bolt hits the gnoll!
The gnoll is severely wounded.
The gnoll hits you with a +0 spear.
You shoot a bolt. The bolt barely misses the gnoll.
The gnoll hits you with a +0 flail. The gnoll barely misses you.
The gnoll hits you with a +0 spear. The gnoll closely misses you.
You shoot a bolt. The bolt hits the gnoll!!
Lightning courses through the gnoll!
You kill the gnoll!
The gnoll hits you with a +0 spear! x2
You die...

..# #># ..# ### . ###
....###### #..
.....)gg@.# #.#
.....####)# #.# ... #.#
#.# .... #.# # #.#
..)..####.#.# #.##
..........#.#
...############...#.#
....................####
........................


You could see 2 gnolls.

Vanquished Creatures
  2 gnolls (D:2)
  An adder (D:2)
  3 ball pythons
  4 endoplasms (D:1)
  3 giant cockroaches
  A hobgoblin (D:1)
  4 kobolds
  A quokka (D:1)
  2 goblins
  2 rats (D:1)
23 creatures vanquished.

Notes
Turn   | Place    | Note
-------+----------+-------------------------------------------
     0 | D:1      | qw the Spriggan Hunter began the quest for the Orb.
     0 | D:1      | Reached XP level 1. HP: 10/10 MP: 2/2
     0 | D:1      | 0 ||| qw: Version: 0.3-a-155-g5e7d8dd
     0 | D:1      | 0 ||| qw: Game counter: 3300
     0 | D:1      | 0 ||| qw: Melee chars always use a shield: true
     0 | D:1      | 0 ||| qw: God list: Okawaru
     0 | D:1      | 0 ||| qw: Allow faded altars: false
     0 | D:1      | 0 ||| qw: Do Orc after clearing Dungeon:15 true
     0 | D:1      | 0 ||| qw: Do second Lair branch before Depths: true
     0 | D:1      | 0 ||| qw: Lair rune preference: random
     0 | D:1      | 0 ||| qw: Goals: Normal
     0 | D:1      | 0 ||| PLANNING D:1-11
    38 | D:1      | Reached skill level 3 in Dodging
   170 | D:1      | Reached XP level 2. HP: 14/14 MP: 3/3
   575 | D:1      | 575 ||| UPGRADING to +0 cloak.
   580 | D:1      | 580 ||| READING scroll labelled ABBYNICZEO.
   581 | D:1      | 581 ||| READING 2 scrolls labelled MOFOYD ZIXUQOR.
   581 | D:1      | Identified 2 scrolls of acquirement
   581 | D:1      | 581 ||| ACQUIRING +2 arbalest "Cale" {elec, rF+ rN++}
   581 | D:1      | Acquired the +2 arbalest "Cale" {elec, rF+ rN++}
   583 | D:1      | 583 ||| SWAPPING to +2 arbalest "Cale" {elec, rF+ rN++}.
   584 | D:1      | 584 ||| DROPPING +0 shortbow.
   585 | D:1      | 585 ||| READING scroll of acquirement.
   585 | D:1      | 585 ||| ACQUIRING amulet "Moolull" {Acrobat Int+3 Dex+3}
   585 | D:1      | Acquired the amulet "Moolull" {Acrobat Int+3 Dex+3}
   587 | D:1      | 587 ||| UPGRADING to amulet "Moolull" {Acrobat Int+3
                  | Dex+3}.
   592 | D:1      | 592 ||| DROPPING scroll of butterflies.
   811 | D:2      | Reached XP level 3. HP: 18/18 MP: 4/4
   859 | D:2      | 859 ||| RETREEEEATING.
   862 | D:2      | HP: 1/18 [gnoll/+0 spear (7)]
   862 | D:2      | Mangled by a gnoll

Levels and vault maps discovered:
D:1:      dpeg_arrival_tiny_a, layout_loops_ring
D:2:      layout_basic, uniq_robin, uniq_natasha

Skill      XL: |  1  2 |
---------------+-------+-----
Dodging        | 3 4 |  4.4
Fighting       | |  1.5
Ranged Weapons | |  4.4
Stealth        | |  1.5

Action                     || total
---------------------------++-------
   Fire: Shortbow          ||    30
         Arbalest          ||    17
    Use: Scroll            ||     3
 Armour: Robe              ||     7
  Dodge: Dodged            ||     9

Table legend:
 A = Non-vault XP
 B = Vault XP
 C = Vault XP percentage of total XP
 D = Non-vault monster count
 E = Vault monster count
 F = Vault count percentage of total count
                 A         B        C        D         E       F
            +---------+---------+-------+---------+---------+-------
      Total |      78 |       0 |   0.0 |      23 |       0 |   0.0
            +---------+---------+-------+---------+---------+-------
        D:1 |      26 |       0 |   0.0 |      15 |       0 |   0.0
        D:2 |      52 |       0 |   0.0 |       8 |       0 |   0.0
            +---------+---------+-------+---------+---------+-------
